 Dungeon Crawl Stone Soup version 0.31-a0-216-g22e908daa7 (webtiles) character file.

Game seed: 7578509154896351733

80 qw the Chopper (level 4, 0/28 HPs)
             Began as a Gargoyle Fighter on July 1, 2023.
             Slain by a cerulean imp
             ... wielding a +0 spear
             ... summoned by Natasha
              (2 damage)
             ... on level 3 of the Dungeon.
             The game lasted 00:00:54 (1851 turns).

qw the Chopper (Gargoyle Fighter)                   Turns: 1851, Time: 00:00:54

Health: 0/28       AC: 10    Str: 21    XL:     4   Next: 39%
Magic:  4/4        EV:  9    Int:  9    God:
Gold:   122        SH:  4    Dex:  9    Spells: 3/3 levels left

rFire   . . .        Y - +1 war axe (venom)
rCold   . . .        c - +0 buckler
rNeg    + . .        b - +0 scale mail
rPois   inf          (no helmet)
rElec   +            (no cloak)
rCorr   .            (no gloves)
SInv    .            (no boots)
Will    .....        (no amulet) Stlth
                     (no ring)
HPRegen 0.24/turn    (no ring)
MPRegen 0.09/turn

%: no passive effects
@: no status effects
A: sickness immunity, AC +3, negative energy resistance 1, electricity
resistance, torment resistance 1, petrification resistance
a: no special abilities


You were on level 3 of the Dungeon.
You visited 1 branch of the dungeon, and saw 3 of its levels.

You collected 122 gold pieces.


Innate Abilities, Weirdness & Mutations

You are immune to sickness and miasma.
Your stone body is resilient. (AC +3)
You are immune to poison.
You resist negative energy. (rN+)
You are resistant to electric shocks. (rElec)
You are resistant to unholy torment.
You are immune to petrification.


   Skills:
 - Level 3.2 Fighting
 + Level 3.4 Axes
 - Level 1.8 Throwing
 - Level 3.2 Armour
 - Level 3.2 Shields


You had 3 spell levels left.
You didn't know any spells.
Your spell library was empty.

Inventory:

Hand Weapons
 h - a +0 club
 Y - a +1 war axe of venom (weapon)
Missiles
 k - a javelin (quivered)
Armour
 b - a +0 scale mail (worn)
 c - a +0 buckler (worn)
Potions
 d - a potion of might
 e - a potion of curing
 f - a potion of mutation {unknown}
 i - a potion of degeneration {unknown}
 j - a potion of heal wounds {unknown}

Dungeon Overview and Level Annotations

Branches:
Dungeon (3/15)

Altars:

Annotations:
D:3 Grinder, Natasha


Message History

The cerulean imp hits you from afar with a +0 spear.
Grinder hits you!
1844 ||| READING scroll of teleportation.
As you read the scroll of teleportation, it crumbles to dust.
You feel strangely unstable. You block the cerulean imp's attack.
Natasha barely misses you. Grinder hits you but does no damage.
You hit Grinder but do no damage.
Grinder is moderately wounded.
You completely miss Natasha. The cerulean imp closely misses you.
You block Natasha's attack.
Grinder says, "You look like you could use a good racking."
Grinder hits you but does no damage.
The cerulean imp hits you but does no damage.
You hit Grinder.
Grinder is heavily wounded.
You closely miss Natasha.
You hit the giant cockroach but do no damage.
The giant cockroach is poisoned.
You kill the giant cockroach!
Natasha barely misses you. Grinder hits you but does no damage.
The cerulean imp completely misses you.
Natasha stares at you and mumbles some strange words.
You resist with some effort.
You closely miss Grinder.
Grinder is heavily wounded.
You barely miss Natasha.
Your surroundings suddenly seem different.
The cerulean imp hits you but does no damage.
The cerulean imp hits you but does no damage.
You closely miss Grinder.
Grinder is heavily wounded.
You closely miss the cerulean imp.
The cerulean imp hits you with a +0 spear.
Grinder barely misses you.
You barely miss Grinder.
Grinder is heavily wounded.
You miss the cerulean imp. You hit Natasha.
Natasha is poisoned.
The cerulean imp hits you with a +0 spear.
You die...

#.. ..#.....
#......#.
#...#...
###.#...#
########.......#
#......#......#
#......@5...####
#.....h5#.<....#
#......##h..##)#
#......#ยค%.>#
#............#
...##.....#####
### ##....#
~~~~.. ~~..#..


You could see Grinder (poisoned), Natasha (very poisoned) and a cerulean imp
(summoned).

Vanquished Creatures
  Jessica (D:2)
  A worm (D:2)
  2 dart slugs (D:1)
  An endoplasm (D:1)
  A giant cockroach (D:3)
  5 goblins
  5 hobgoblins
  2 jackals (D:1)
  4 quokkas
  2 ball pythons (D:1)
  6 bats
  6 frilled lizards
  5 kobolds
  6 rats (D:1)
47 creatures vanquished.

Notes
Turn   | Place    | Note
-------+----------+-------------------------------------------
     0 | D:1      | qw the Gargoyle Fighter began the quest for the Orb.
     0 | D:1      | Reached XP level 1. HP: 14/14 MP: 1/1
     0 | D:1      | 0 ||| qw: Version: 0.3-a-35-g05ef00e
     0 | D:1      | 0 ||| qw: Game counter: 7717
     0 | D:1      | 0 ||| qw: Melee chars always use a shield: true
     0 | D:1      | 0 ||| qw: God list: Okawaru
     0 | D:1      | 0 ||| qw: Allow faded altars: false
     0 | D:1      | 0 ||| qw: Do Orc after clearing Dungeon:15 true
     0 | D:1      | 0 ||| qw: Do second Lair branch before Depths: true
     0 | D:1      | 0 ||| qw: Lair rune preference: random
     0 | D:1      | 0 ||| qw: Goals: Normal, Zot:1-4, Slime:5, God:TSO, Crypt,
                  | Tomb, Abyss, Pan, Hells, Win
     0 | D:1      | 0 ||| PLANNING D:1-11
   159 | D:1      | Reached XP level 2. HP: 19/19 MP: 2/2
   410 | D:1      | Reached skill level 3 in Axes
   455 | D:1      | Reached XP level 3. HP: 21/23 MP: 3/3
   521 | D:1      | 521 ||| Stepping ~*~*~tactically~*~*~ (stealth).
   620 | D:1      | 620 ||| Stepping ~*~*~tactically~*~*~ (stealth).
   875 | D:1      | 875 ||| READING 2 scrolls labelled OLOADA WECW.
   878 | D:1      | 878 ||| READING scroll labelled JEVIHA SOSORCH.
   879 | D:1      | 879 ||| READING scroll labelled FILYRGH XYALO.
   966 | D:2      | Noticed Jessica
   967 | D:2      | 967 ||| Stepping ~*~*~tactically~*~*~ (hiding).
   968 | D:2      | 968 ||| Stepping ~*~*~tactically~*~*~ (hiding).
   978 | D:2      | Killed Jessica
   979 | D:2      | Reached skill level 1 in Throwing
   979 | D:2      | Reached XP level 4. HP: 26/28 MP: 4/4
  1056 | D:2      | 1056 ||| Stepping ~*~*~tactically~*~*~ (hiding).
  1548 | D:2      | 1548 ||| Stepping ~*~*~tactically~*~*~ (stealth).
  1549 | D:2      | 1549 ||| Stepping ~*~*~tactically~*~*~ (stealth).
  1804 | D:2      | 1804 ||| READING scroll labelled EWOVOL JIFIOFU.
  1805 | D:2      | 1805 ||| READING scroll labelled REFORCHATOUQ.
  1806 | D:2      | 1806 ||| READING 2 scrolls labelled YSATOVOGGASE.
  1824 | D:2      | 1824 ||| DRINKING 2 pink potions.
  1825 | D:2      | 1825 ||| DROPPING scroll of torment.
  1838 | D:3      | Noticed Grinder
  1838 | D:3      | Noticed Natasha
  1839 | D:3      | 1839 ||| PLANNING SEWER
  1843 | D:3      | HP: 3/28 [Grinder (7)]
  1844 | D:3      | 1844 ||| READING scroll of teleportation.
  1850 | D:3      | HP: 2/28 [cerulean imp/+0 spear[Natasha] (3)]
  1851 | D:3      | Slain by a cerulean imp

Levels and vault maps discovered:
D:1:      zaba_arrival_water, layout_basic
D:2:      layout_basic, uniq_jessica
D:3:      layout_rooms, gammafunk_ghost_abyssal_escape, gup_sewer_entry_pipe,
          basic_ecumenical_altar, uniq_grinder, uniq_natasha, uniq_sigmund

Skill      XL: |  1  2  3 |
---------------+----------+-----
Axes           | 2 3 |  3.4
Throwing       | 1 |  1.8
Fighting       | |  3.2
Armour         | |  3.2
Shields        | |  3.2

Action                     |  1- 3 |  4- 6 || total
---------------------------+-------+-------++-------
  Melee: War axe           |    99 |    28 ||   127
  Throw: Javelin           |    13 |    13 ||    26
    Use: Scroll            |     3 |     4 ||     7
         Potion            |       |     1 ||     1
 Armour: Scale mail        |    49 |    23 ||    72
  Dodge: Dodged            |    41 |    13 ||    54
  Block: Buckler           |    21 |     5 ||    26

Table legend:
 A = Non-vault XP
 B = Vault XP
 C = Vault XP percentage of total XP
 D = Non-vault monster count
 E = Vault monster count
 F = Vault count percentage of total count
                 A         B        C        D         E       F
            +---------+---------+-------+---------+---------+-------
      Total |      78 |      37 |  32.2 |      46 |       1 |   2.1
            +---------+---------+-------+---------+---------+-------
        D:1 |      54 |       0 |   0.0 |      33 |       0 |   0.0
        D:2 |      22 |      37 |  62.7 |      12 |       1 |   7.7
        D:3 |       2 |       0 |   0.0 |       1 |       0 |   0.0
            +---------+---------+-------+---------+---------+-------
